 Dungeon Crawl Stone Soup version 0.29.1-15-g9cfb28693d (webtiles) character file.

Game seed: 15574811042356150427

67 protoss039 the Digger (level 4, 33/33 HPs)
             Began as a Demonspawn Earth Elementalist on Mar 13, 2023.
             Got out of the dungeon alive.
             The game lasted 00:01:26 (1581 turns).

protoss039 the Digger (DsEE)                        Turns: 1581, Time: 00:01:27

Health: 33/33      AC:  2    Str:  9    XL:     4   Next: 0%
Magic:  8/8        EV: 12    Int: 18    God:
Gold:   189        SH:  0    Dex: 13    Spells: 5/8 levels left

rFire   . . .      SeeInvis .   r - +5 short sword (protect)
rCold   . . .      Faith    .   (no shield)
rNeg    . . .      Spirit   .   a - +0 robe
rPois   .          Reflect  .   (no helmet)
rElec   .          Harm     .   (no cloak)
rCorr   .          Rampage  .   (no gloves)
Will    .....                   (no boots)
Stlth   ++........              (no amulet)
HPRegen 0.11/turn               (no ring)
MPRegen 0.11/turn               (no ring)

@: no status effects
A: powered by pain 1, spiny 2
a: no special abilities


You escaped.
You visited 1 branch of the dungeon, and saw 2 of its levels.

You collected 189 gold pieces.

Inventory:

Hand Weapons
 r - a +5 short sword of protection (weapon)
Missiles
 l - a throwing net
Armour
 a - a +0 robe (worn)
Jewellery
 d - a ring of protection from fire
Scrolls
 f - 2 scrolls of noise {unknown}
 h - 2 scrolls of poison {unknown}
 i - a scroll of butterflies {unknown}
 j - a scroll of enchant armour {unknown}
 k - a scroll of brand weapon {unknown}
 o - a scroll of vulnerability {unknown}
 p - 3 scrolls of teleportation {unknown}
 q - a scroll of torment {unknown}
Potions
 b - a potion of magic
 c - a potion of haste {unknown}
 e - 4 potions of curing {unknown}
 g - a potion of cancellation {unknown}
 m - a potion of mutation {unknown}


   Skills:
 + Level 1.9 Fighting
 - Level 1.7 Dodging
 - Level 1.7 Stealth
 + Level 2.8 Spellcasting
 - Level 0.8 Transmutations
 + Level 3.3 Earth Magic


You had 5 spell levels left.
You knew the following spells:

 Your Spells              Type           Power      Damage    Failure   Level
a - Sandblast             Erth           28%        2d8       4%          1
b - Passwall              Tmut/Erth      8%         N/A       11%         2

Your spell library contained the following spells:

 Spells                   Type           Power      Damage    Failure   Level
 Beastly Appendage        Tmut           10%        N/A       12%         1
 Wereblood                Tmut           5%         N/A       19%         2
 Stone Arrow              Conj/Erth      16%        3d8       26%         3
 Spider Form              Tmut/Pois      4%         N/A       38%         3
 Petrify                  Tmut/Erth      10%        N/A       56%         4


Dungeon Overview and Level Annotations

Branches:
Dungeon (2/15) Zot: 10404

Altars:

Shops:
D:1 [


Innate Abilities, Weirdness & Mutations

You sometimes gain a little power by taking damage.
You are mostly covered in sharp spines.


Message History

a +5 short sword of protection; a +0 scale mail
r - a +5 short sword of protection Your +5 short sword of protection hums with potential!
r - a +5 short sword of protection (weapon)
Unknown command.
You drop a +2 dagger of speed.
Found a pair of boots.
h - 2 scrolls labelled MOIHUETUDO (gained 1)
A worm comes into view.
A worm is nearby!
A worm is nearby!
A worm is nearby!
Found 12 gold pieces.
A worm is nearby!
You hit the worm.
Your weapon exudes an aura of protection.
The worm is lightly wounded.
The worm bites you but does no damage.
You puncture the worm!
The worm is heavily wounded.
A worm is nearby!
You hit the worm.
The worm is severely wounded.
The worm bites you.
A worm is nearby!
You hit the worm.
The worm is severely wounded.
The worm is struck by your spines.
You kill the worm!
You have reached level 4!
You feel stronger.
Your demonic ancestry asserts itself...
You feel energised by your suffering.
Unknown command.
There is an escape hatch in the ceiling here.
A mysterious force pulls you upwards. The hatch slams shut behind you.
You open the door.
There is an open door here.
There is a staircase leading out of the dungeon here.
Are you sure you want to leave the Dungeon?
This will make you lose the game!
You have escaped!

#.# #..............#........ #.#
#....#####.....#.....#.. #.#
#...##≈~~##....#####.### #.####
#..##≈≈P~≈##..........#
#.##.####.##~≈~.~~~##.######..#
#.##......#~~P.8.P≈≈#..#......#
#.##.###.##≈~.....≈~##.#.####.##
#.##.# #.#8~.......~8#.#...##.##
#....# #..'.P8.@.8P.'..###.##.##
###### #.#8~.......~8#...#†##.##
#.##≈~.....~~##...#'##'##
#.##≈~P.8.P~≈#...........
#.###≈≈~.~~~##...........
#.#.##≈~P≈≈##............
#....##~~~##.............
##....#####.............. ######
###############


There were no monsters in sight!

Vanquished Creatures
  Terence (D:2)
  An adder (D:2)
  2 worms (D:2)
  2 bats (D:1)
  2 giant cockroaches (D:1)
  4 goblins
  2 hobgoblins (D:1)
  2 quokkas (D:1)
  4 ball pythons
  A frilled lizard (D:1)
  5 kobolds
  2 rats (D:1)
28 creatures vanquished.

Notes
Turn   | Place    | Note
-------+----------+-------------------------------------------
     0 | D:1      | protoss039 the Demonspawn Earth Elementalist began the
                  | quest for the Orb.
     0 | D:1      | Reached XP level 1. HP: 13/13 MP: 3/3
    88 | D:1      | Gained mutation: You are partially covered in sharp spines.
                  | [demonic ancestry]
    88 | D:1      | Reached XP level 2. HP: 20/20 MP: 3/5
   228 | D:1      | Found Qatz's Antique Armour Emporium.
   291 | D:1      | Reached skill level 1 in Fighting
   317 | D:1      | Reached skill level 3 in Earth Magic
   721 | D:1      | Learned a level 2 spell: Passwall
   813 | D:2      | Found a faded altar of an unknown god.
   880 | D:2      | Gained mutation: You are mostly covered in sharp spines.
                  | [demonic ancestry]
   880 | D:2      | Reached XP level 3. HP: 17/26 MP: 4/6
  1356 | D:2      | Noticed Terence
  1365 | D:2      | Killed Terence
  1541 | D:2      | Gained mutation: You sometimes gain a little power by
                  | taking damage. [demonic ancestry]
  1541 | D:2      | Reached XP level 4. HP: 30/33 MP: 8/8
  1581 | D:$      | Got out of the dungeon alive.

Illustrated notes

Levels and vault maps discovered:
D:1:      lightli_arrival_statuegarden, layout_basic, serial_shops, shop_coins
D:2:      layout_basic, shapermc_ecumenical_altar_venn, minmay_misc_feat_x,
          st_stairs_2, uniq_terence

Skill      XL: |  1  2 |
---------------+-------+-----
Fighting       | 1 |  1.9
Earth Magic    | 3 |  3.3
Dodging        | |  1.7
Stealth        | |  1.7
Spellcasting   | |  2.8
Transmutations | |  0.8

Action                   |  1- 3 |  4- 6 || total
-------------------------+-------+-------++-------
Melee: Dagger            |    15 |       ||    15
       Short sword       |     4 |       ||     4
 Fire: Sling             |    42 |       ||    42
 Cast: Sandblast         |     8 |       ||     8
Armor: Robe              |     4 |       ||     4
Dodge: Dodged            |    13 |       ||    13
